AoeStats
← Dorotheos Monomachos

Arabia

509661399Analyzed
1v1 RM · 6d ago on Sep 27, 2026· 42m 23s· 2 players
Game mode
Random Map
Map size
Tiny (2 player)
Population
200
Speed
Normal
Resources
Standard
Victory
Conquest
Starting age
Dark Age
Ending age
Imperial Age
RankedLock teamsTeams togetherTeam positionsShared explorationLock speedFull tech treeHidden civsTurbo modeCheats
Victory
Defeat
🇬🇷 Franks · Greece
1096
+17
🇹🇷 Ethiopians · Türkiye
1118
-17
Dorotheos Monomachos
6:37 Loom
7:05 Loom
10:17 Feudal Age
10:23 Man-at-Arms
13:12 Double-Bit Axe
14:19 Fletching
22:36 Castle Age
22:04 Wheelbarrow
22:49 Scale Barding Armor
22:55 Forging
24:10 Gold Mining
25:29 Chain Barding Armor
26:19 Husbandry
27:04 Iron Casting
28:52 Pikeman
30:20 Squires
32:06 Padded Archer Armor
32:08 Scale Mail Armor
41:42 Imperial Age
41:00 Bodkin Arrow
42:48 Murder Holes
taaaaazzyy
7:23 Loom
9:50 Feudal Age
12:03 Double-Bit Axe
15:55 Fletching
23:36 Castle Age
22:57 Horse Collar
24:53 Wheelbarrow
26:21 Hand Cart
28:00 Scale Barding Armor
29:03 Forging
32:23 Squires
37:15 Murder Holes
42:33 Iron Casting
41:59 Scale Mail Armor
Connection lost

Rejoining the realm…

Still unreachable

The connection could not be restored.

Session expired

The server has moved on; the page needs a fresh start.